 Dungeon Crawl Stone Soup version 0.20-a0-1101-g1de9d76 (webtiles) character file.

1958 Alarkh the Cleaver (level 9, -2/63 HPs)
             Began as a Demonspawn Berserker on May 4, 2017.
             Was a Priest of Trog.
             Slain by an orc warrior
             ... wielding a +0 dire flail
              (11 damage)
             ... on level 6 of the Dungeon.
             The game lasted 00:08:47 (6546 turns).

Alarkh the Cleaver (Demonspawn Berserker)           Turns: 6546, Time: 00:08:48

Health: -2/63      AC: -6    Str: 17    XL:     9   Next: 0%
Magic:  9/9        EV: 12    Int: 19    God:    Trog [***...]
Gold:   289        SH:  0    Dex: 12    Spells: 8/8 levels left

rFire    . . .     SeeInvis +   a - +1 battleaxe
rCold    . . .     Gourm    .   (shield currently unavailable)
rNeg     . . .     Faith    .   j - +0 troll leather armour {Purgy}
rPois    .         Spirit   .   (helmet unavailable)
rElec    .         Reflect  .   w - +0 cloak
rCorr    .         Harm     .   s - +0 pair of gloves
MR       .....                  (no boots)
Stlth    +++.......             r - amulet of magic regeneration
Regen    0.6/turn               i - +4 ring of intelligence
MPRegen  0.2/turn               (no ring)

@: corroded, slowed, very slow
A: antennae 3, thin metallic scales 2, clever 1, nightstalker 2, wild magic 1,
evolution 1
a: Berserk, Trog's Hand, Burn Spellbooks, Renounce Religion


You were on level 6 of the Dungeon.
You worshipped Trog.
Trog was most pleased with you.
You were hungry.

You visited 2 branches of the dungeon, and saw 8 of its levels.
You also visited: Sewer.

You collected 289 gold pieces.

Inventory:

Hand Weapons
 a - a +1 battleaxe (weapon)
 q - a +0 hand axe
Armour
 b - a +0 animal skin
 j - a +0 troll leather armour (worn) {Purgy}
 s - a +0 pair of gloves (worn)
 w - a +0 cloak (worn)
Jewellery
 i - a +4 ring of intelligence (left hand)
 n - a +2 amulet of reflection
 r - an amulet of magic regeneration (around neck)
Wands
 g - a wand of confusion (1/48)
Scrolls
 e - a scroll of identify
 o - a scroll of blinking
 t - 2 scrolls of remove curse
 u - a scroll of magic mapping
 x - a scroll of noise {unknown}
 y - a scroll of random uselessness {unknown}
Potions
 f - 2 potions of curing
 k - 3 potions of flight
 m - a potion of berserk rage
 v - a potion of brilliance {unknown}
Comestibles
 c - 3 bread rations
 d - 4 fruits
 h - 2 royal jellies
 l - 4 chunks of flesh
 p - a meat ration


   Skills:
 - Level 3.0 Fighting
 + Level 11.0 Axes
 - Level 1.7 Armour
 - Level 1.7 Dodging


You had 8 spell levels left.
You didn't know any spells.

Dungeon Overview and Level Annotations

Branches:
Dungeon (7/15)             Temple (1/1) D:5

Altars:
Ashenzari
Cheibriados
Elyvilon
Fedhas
Gozag
Hepliaklqana
Kikubaaqudgha
Nemelex Xobeh
Okawaru
Qazlal
Ru
Sif Muna
Trog
Uskayaw
Vehumet
Wu Jian
Xom
Yredelemnul
Zin
The Shining One


Innate Abilities, Weirdness & Mutations

You have a pair of large antennae on your head. (SInv)
You are mostly covered in thin metallic scales. (AC +3)
You are significantly more attuned to the shadows.
Your mind is acute. (Int +2)
Your spells are a little harder to cast, but a little more powerful.
You evolve.


Message History

You hit the rust devil but do no damage.
You closely miss the orc warrior. The orc warrior closely misses you.
The rust devil closely misses you.
You hit the orc warrior.
The orc warrior is almost dead.
You hit the orc warrior. You barely miss the rust devil.
The orc warrior hits you with a flail!
The orc warrior hits you with a dire flail!!
* * * LOW HITPOINT WARNING * * *
You closely miss the orc warrior.
The orc warrior is almost dead.
You hit the rust devil but do no damage.
You slash the orc warrior!
You are no longer berserk.
You are exhausted.
You feel yourself slow down. The rust devil hits you!
* * * LOW HITPOINT WARNING * * *
The rust devil corrodes you! The orc warrior misses you.
The orc warrior hits you with a dire flail!
You die...

#......### ###..##'########
#.....##♣{ {♣##.........# #.....#
#.........#
#....###.....###........# #....#
+..8..+ #........#
##...###.....###.#.....####
###...#)..4..)#..#........#
#.....##♣oo4♣##..#.......##
#......###@###...#.......#
#........###.....#.....^.#
####..####.....##.####...####
#..#..###....####.####...###.
#.>.................#....#...
#...................))...#...
#...................#....#...
#.................).#....#...
############......###...##...####


You could see 2 rust devils and 2 orc warriors.

Vanquished Creatures
  Prince Ribbit (D:5)
  The ghost of Gruud the Slasher, an amateur DsGl (Sewer)
  Purgy (Sewer)
  An orc warrior (D:5)
  3 phantoms
  A black bear (D:6)
  An ogre (D:6)
  A sky beast (D:5)
  A necrophage (D:6)
  A centaur (D:5)
  A wyvern zombie (D:6)
  2 crimson imps
  A jelly (D:4)
  A centaur zombie (D:6)
  3 hounds
  A centaur skeleton (D:5)
  An orc priest (D:5)
  Jessica (D:3)
  Ijyb (D:3)
  4 orc wizards
  2 worker ants
  A worker ant zombie (D:5)
  3 river rats (D:4)
  7 adders
  A shadow imp (D:6)
  An adder skeleton (D:7)
  2 worms
  6 leopard geckos
  21 orcs
  8 bats
  5 giant cockroaches
  4 goblins
  5 hobgoblins
  2 jackals (D:3)
  3 quokkas
  A ball python (D:3)
  3 frilled lizards
  A giant cockroach zombie (D:6)
  A jackal zombie (D:7)
  4 kobolds (D:3)
  A leopard gecko zombie (D:6)
  6 rats
116 creatures vanquished.

Notes
Turn   | Place    | Note
-------+----------+-------------------------------------------
     0 | D:1      | Alarkh the Demonspawn Berserker began the quest for the Orb.
     0 | D:1      | Reached XP level 1. HP: 18/18 MP: 1/1
   144 | D:1      | Reached skill level 3 in Axes
   407 | D:1      | Gained mutation: You are slightly more attuned to the shadows. [demonic ancestry]
   407 | D:1      | Reached XP level 2. HP: 22/24 MP: 2/2
  1313 | D:2      | Found an ancient bone altar of Kikubaaqudgha.
  1313 | D:2      | Found an iron altar of Okawaru.
  1487 | D:2      | Gained mutation: You are significantly more attuned to the shadows. [demonic ancestry]
  1487 | D:2      | Reached XP level 3. HP: 29/29 MP: 3/3
  1562 | D:3      | Noticed Jessica
  1571 | D:3      | Killed Jessica
  1571 | D:3      | Reached skill level 4 in Axes
  1755 | D:3      | Noticed Ijyb
  1766 | D:3      | Killed Ijyb
  1766 | D:3      | Gained mutation: You have a pair of small antennae on your head. [demonic ancestry]
  1766 | D:3      | Reached XP level 4. HP: 35/35 MP: 4/4
  1811 | D:3      | HP: 1/52 [something/puff of flame (11)]
  2027 | D:3      | Reached skill level 5 in Axes
  2970 | D:3      | Reached ** piety under Trog
  3084 | D:3      | Gained mutation: You are partially covered in thin metallic scales. (AC +2) [demonic ancestry]
  3084 | D:3      | Reached XP level 5. HP: 27/41 MP: 5/5
  3757 | D:4      | Noticed a phantom
  3771 | D:4      | Killed a phantom
  3771 | D:4      | Reached skill level 6 in Axes
  3771 | D:4      | Gained mutation: You are mostly covered in thin metallic scales. (AC +3) [demonic ancestry]
  3771 | D:4      | Reached XP level 6. HP: 26/47 MP: 6/6
  4149 | D:4      | Found a glowing drain.
  4162 | Sewer    | Entered a sewer
  4162 | Sewer    | Noticed Gruud's ghost (amateur DsGl)
  4165 | Sewer    | Gained mutation: You evolve. [potion of mutation]
  4165 | Sewer    | Gained mutation: Your mind is acute. (Int +2) [potion of mutation]
  4186 | Sewer    | Killed Gruud's ghost
  4186 | Sewer    | Reached skill level 7 in Axes
  4322 | Sewer    | Noticed Purgy
  4399 | Sewer    | Killed Purgy
  4399 | Sewer    | Reached XP level 7. HP: 52/52 MP: 7/7
  4635 | D:5      | Entered Level 5 of the Dungeon
  4663 | D:5      | Reached skill level 8 in Axes
  4843 | D:5      | Noticed Prince Ribbit
  4855 | D:5      | Killed Prince Ribbit
  4855 | D:5      | Reached skill level 9 in Axes
  4855 | D:5      | Gained mutation: You have a pair of antennae on your head. [demonic ancestry]
  4855 | D:5      | Reached XP level 8. HP: 14/58 MP: 8/8
  5204 | D:5      | Found a staircase to the Ecumenical Temple.
  5274 | D:5      | Reached *** piety under Trog
  5325 | Temple   | Entered the Ecumenical Temple
  5647 | D:6      | Reached skill level 10 in Axes
  5765 | D:6      | Gained mutation: Your spells are a little harder to cast, but a little more powerful. [evolution]
  6301 | D:7      | Reached skill level 11 in Axes
  6450 | D:7      | Gained mutation: You have a pair of large antennae on your head. (SInv) [demonic ancestry]
  6450 | D:7      | Reached XP level 9. HP: 59/63 MP: 9/9
  6534 | D:6      | Noticed a rust devil
  6534 | D:6      | Noticed a rust devil
  6546 | D:6      | Slain by an orc warrior

Vault maps used:
D:1:      dpeg_arrival_renting
D:2:      minitemple, first_bread
D:3:      minivault_27, serial_bayou_ford_a, uniq_jessica, uniq_ijyb
D:4:      portal_sewer_entry_e
D:5:      minmay_temple_entry_poolview, uniq_prince_ribbit1
D:6:      cheibrodos_iron_armory
D:7:      grunt_livestock
Temple:   eino_narrow_crystal_temple
Sewer:    sewer_big_baddie

Skill      XL: |  1  2  3  4  5  6  7  8 |
---------------+-------------------------+-----
Axes           | 3 4 5 6 7 9 11 | 11.0
Fighting       | |  3.0
Armour         | |  1.7
Dodging        | |  1.7

Action                   |  1- 3 |  4- 6 |  7- 9 || total
-------------------------+-------+-------+-------++-------
Melee: Hand axe          |    57 |    51 |       ||   108
       Battleaxe         |       |   138 |   190 ||   328
Invok: Berserk           |     2 |     7 |     4 ||    13
       Trog's Hand       |       |     3 |     1 ||     4
Evoke: Wand              |       |     4 |       ||     4
  Use: Scroll            |     1 |     7 |     2 ||    10
       Potion            |       |     5 |       ||     5
 Stab: Sleeping          |     5 |    12 |    15 ||    32
  Eat: Chunk             |     4 |    15 |    12 ||    31
Armor: Animal skin       |    11 |    61 |       ||    72
       Troll leather arm |       |       |    62 ||    62
Dodge: Dodged            |    32 |   176 |   107 ||   315
Block: Other             |     1 |    14 |       ||    15
